 Dungeon Crawl Stone Soup version 0.21.1-1-g345015f (webtiles) character file.

342 diana the Slasher (level 6, -6/48 HPs)
             Began as a Demigod Gladiator on June 3, 2018.
             Mangled by HelloWorld's ghost (18 damage)
             ... on level 4 of the Dungeon.
             The game lasted 00:10:51 (4521 turns).

diana the Slasher (Demigod Gladiator)               Turns: 4521, Time: 00:10:51

Health: -6/48      AC:  5    Str: 19    XL:     6   Next: 8%
Magic:  8/8        EV: 15    Int: 12    God:
Gold:   117        SH:  0    Dex: 21    Spells: 5/5 levels left

rFire    . . .     SeeInvis .   a - +1 long sword
rCold    . . .     Gourm    .   (no shield)
rNeg     . . .     Faith    .   b - +0 leather armour
rPois    .         Spirit   .   c - +1 helmet
rElec    .         Reflect  .   (no cloak)
rCorr    .         Harm     .   (no gloves)
MR       .....                  (no boots)
Stlth    ++........             (no amulet)
HPRegen  0.16/turn              h - +2 ring of strength
MPRegen  0.11/turn              o - ring of wizardry

@: no status effects
A: high mp 1
a: no special abilities


You were on level 4 of the Dungeon.
You were hungry.

You visited 1 branch of the dungeon, and saw 4 of its levels.

You collected 117 gold pieces.

Inventory:

Hand Weapons
 a - a +1 long sword (weapon)
Missiles
 d - 3 throwing nets (quivered)
Armour
 b - a +0 leather armour (worn)
 c - a +1 helmet (worn)
Jewellery
 h - a +2 ring of strength (left hand)
 o - a ring of wizardry (right hand)
Wands
 i - a wand of iceblast (6)
Scrolls
 e - a scroll of enchant weapon
 g - a scroll of identify
 j - 2 scrolls of amnesia {unknown}
 k - 2 scrolls of remove curse {unknown}
 n - a scroll of teleportation {unknown}
Potions
 l - a potion of magic {unknown}
 m - a potion of brilliance {unknown}
Comestibles
 f - 4 rations


   Skills:
 - Level 1.7 Fighting
 * Level 5.5 Long Blades
 - Level 1.7 Throwing
 + Level 4.3 Dodging


You had 5 spell levels left.
You didn't know any spells.

Dungeon Overview and Level Annotations

Branches:
Dungeon (4/15)
 Temple: D:4-7

Annotations:
D:4 HelloWorld's ghost, amateur TrBe


Innate Abilities, Weirdness & Mutations

You have an increased reservoir of magic. (+10% MP)


Message History

You kill the orc priest!
You have reached level 6!
Your experience leads to a dramatic increase in your attributes!
Your base attributes are Str 17, Int 12, Dex 19.
Increase (S)trength, (I)ntelligence, or (D)exterity?
You feel agile. x2
You start resting.
HP restored.
You climb downwards.
Level annotation: HelloWorld's ghost, amateur TrBe The orc hits you but does no damage.
HelloWorld's ghost hits you. The orc hits you with a hand axe.
The phantom barely misses you. HelloWorld's ghost hits you!
The orc barely misses you.
There is a stone staircase leading up, spattered with blood here.
The orc closely misses you. The phantom hits you!
* * * LOW HITPOINT WARNING * * *
The orc closely misses you.
You riposte.
Your leather armour prevents you from hitting the orc.
HelloWorld's ghost hits you!!
You die...

#..... .# .#....%#
.?# ..(....###.# .
...........##.# ..
#...<......# #..#
#....###...#
.#...##....## .# #
........o...##.####.
......o@Wo..........
...####.W.......# .
.... ##.....##...#
... #.#.....##.. #..#
###.#.###.>...
#...###.........###..
.......###)###..>..
#..... #.# ....
#...#####.###....o


You could see a phantom, an orc wizard, HelloWorld's ghost and 2 orcs.

Vanquished Creatures
  A howler monkey (D:4)
  A hound (D:4)
  An orc priest (D:3)
  A bullfrog skeleton (D:4)
  An orc wizard (D:4)
  4 gnolls (D:3)
  6 adders
  4 worms
  4 dart slugs
  3 leopard geckos
  3 orcs
  2 giant cockroaches
  9 goblins
  6 hobgoblins
  6 jackals
  A quokka (D:2)
  A ball python (D:2)
  7 bats
  2 frilled lizards
  14 kobolds
  3 rats (D:3)
80 creatures vanquished.

Notes
Turn   | Place    | Note
-------+----------+-------------------------------------------
     0 | D:1      | diana the Demigod Gladiator began the quest for the Orb.
     0 | D:1      | Reached XP level 1. HP: 17/17 MP: 3/3
   151 | D:1      | Reached skill level 3 in Long Blades
   198 | D:1      | Reached XP level 2. HP: 19/24 MP: 4/4
   761 | D:2      | Reached XP level 3. HP: 17/29 MP: 5/5
   778 | D:2      | HP: 1/29 [poisoned by an adder]
  1463 | D:2      | Reached skill level 4 in Long Blades
  1765 | D:3      | Reached XP level 4. HP: 34/36 MP: 6/6
  2143 | D:3      | HP: 1/36 [gnoll/club (4)]
  3105 | D:3      | Reached XP level 5. HP: 17/41 MP: 7/7
  3885 | D:4      | Noticed HelloWorld's ghost (amateur TrBe)
  4130 | D:4      | Reached skill level 5 in Long Blades
  4475 | D:4      | Noticed a phantom
  4494 | D:3      | Reached XP level 6. HP: 44/48 MP: 8/8
  4521 | D:4      | Mangled by HelloWorld's ghost

Skill      XL: |  1  2  3  4  5 |
---------------+----------------+-----
Long Blades    | 3 4 5 |  5.5
Dodging        | 3 4 |  4.3
Fighting       | |  1.7
Throwing       | |  1.7

Action                   |  1- 3 |  4- 6 || total
-------------------------+-------+-------++-------
Melee: Long sword        |    79 |   130 ||   209
  Use: Scroll            |     7 |       ||     7
       Potion            |     2 |     2 ||     4
 Stab: Sleeping          |     2 |     1 ||     3
  Eat: Chunk             |     3 |     1 ||     4
       Ration            |       |     2 ||     2
Armor: Leather armour    |    28 |    34 ||    62
Dodge: Dodged            |    55 |    98 ||   153
       Rpst.: Long sword |    18 |    26 ||    44
